 Dungeon Crawl Stone Soup version 0.17-a0-1646-geb1493d (webtiles) character file.

326459 mrath the Severer (level 20, -28/187 HPs)
             Began as a Minotaur Fighter on Aug 10, 2015.
             Was a High Priest of Okawaru.
             Killed from afar by a deep elf annihilator (50 damage)
             ... with a crystal spear
             ... on level 3 of the Elven Halls on Aug 11, 2015.
             The game lasted 09:54:39 (64970 turns).

mrath the Severer (Minotaur Fighter)               Turns: 64970, Time: 09:54:39

Health: -28/187    AC: 32    Str: 31    XL:     20   Next: 76%
Magic:  27/27      EV: 16    Int: 11    God:    Okawaru [*****.]
Gold:   2717       SH: 21    Dex: 12    Spells: 0 memorised, 19 levels left

rFire  . . .     SeeInvis +     n - +8 broad axe "Stringbean" {drain, rElec rN+ MR+}
rCold  x . .     Clarity  .     p - +2 plate armour {MR+}
rNeg   + . .     SustAt   .     c - +5 shield
rPois  +         Gourm    .     R - +2 hat
rElec  +         Spirit   .     W - +2 cloak {+Inv}
rCorr  +         Warding  .     j - +1 pair of gloves of Mublaumi {rPois}
rMut   .         Stasis   .     a - +2 pair of boots
MR     ++++.                    w - amulet "Xemuveav" {rCorr rPois rF+ Str+3}
Stlth  ..........               H - ring of Cheibriados's Esteem {rElec rC- Int+2 Slay+3 SInv}
                                f - ring "Tepas" {rF- MR+ Int+4 Slay+6 Stlth+}

@: incredibly resistant to hostile enchantments, extremely unstealthy
A: retaliatory headbutt, horns 2, deterioration 1
a: Heroism, Finesse, Renounce Religion, Evoke Invisibility
}: 2/15 runes: serpentine, barnacled


You were on level 3 of the Elven Halls.
You worshipped Okawaru.
Okawaru was extremely pleased with you.
You were not hungry.

You visited 8 branches of the dungeon, and saw 41 of its levels.
You also visited: Labyrinth.

You collected 4284 gold pieces.
You spent 1567 gold pieces at shops.

Inventory:

Hand weapons
 k - a +3 blowgun
 n - the +8 broad axe "Stringbean" (weapon) {drain, rElec rN+ MR+}
   (Okawaru gifted it to you on level 1 of the Snake Pit)

   A truly terrible weapon, it drains the life of those it strikes.
   It insulates you from electricity.
   It protects you from negative energy.
   It affects your resistance to hostile enchantments.
 v - a +5 mace of protection
 G - the +6 war axe "Vixint" {drain, +Blink MR- Str+6 Int+4}
   (You took it off a deep elf annihilator on level 3 of the Elven Halls)

   A truly terrible weapon, it drains the life of those it strikes.
   It affects your strength (+6).
   It affects your intelligence (+4).
   It affects your resistance to hostile enchantments.
   It lets you blink.
 M - a +5 great sword of distortion
Missiles
 t - 7 silver tomahawks
 y - 4 poisoned javelins (quivered)
 T - 57 poisoned needles
 X - 32 javelins of penetration
Armour
 a - a +2 pair of boots (worn)
 c - a +5 shield (worn)
 j - the +1 pair of gloves of Mublaumi (worn) {rPois}
   (You bought it in a shop on level 10 of the Dungeon)

   It protects you from poison.
 p - a +2 plate armour of magic resistance (worn)
 R - a +2 hat (worn)
 W - a +2 cloak of invisibility (worn)
Jewellery
 e - an uncursed amulet of warding
 f - the ring "Tepas" (left hand) {rF- MR+ Int+4 Slay+6 Stlth+}
   (You bought it in a shop on level 4 of the Orcish Mines)

   [ring of protection from magic]

   It affects your intelligence (+4).
   It affects your accuracy and damage with ranged weapons and melee attacks
   (+6).
   It makes you vulnerable to fire.
   It affects your resistance to hostile enchantments.
   It makes you more stealthy.
 h - an uncursed ring of protection from fire
 q - a +2 ring of protection
 w - the amulet "Xemuveav" (around neck) {rCorr rPois rF+ Str+3}
   (You found it on level 4 of the Shoals)

   [amulet of resist corrosion]

   It protects you from acid and corrosion.
   It affects your strength (+3).
   It protects you from fire.
   It protects you from poison.
 A - an uncursed ring of poison resistance
 D - an uncursed ring of sustain attributes
 H - the ring of Cheibriados's Esteem (right hand) {rElec rC- Int+2 Slay+3 SInv}
   (You found it on level 4 of the Lair of Beasts)

   [ring of see invisible]

   It affects your intelligence (+2).
   It affects your accuracy and damage with ranged weapons and melee attacks
   (+3).
   It makes you vulnerable to cold.
   It insulates you from electricity.
   It lets you see invisible.
 I - an uncursed amulet of regeneration
 K - an uncursed ring of protection from cold
 O - an uncursed ring of invisibility
 S - an uncursed amulet of stasis
Magical devices
 m - a wand of paralysis (9)
 z - a wand of disintegration (22)
 L - a wand of heal wounds (9)
 Q - a wand of fireball (7)
 V - a wand of hasting (7)
Scrolls
 g - 2 scrolls of fear
 i - 12 scrolls of remove curse
 r - 4 scrolls of blinking
 E - a scroll of identify
 F - 4 scrolls of fog
 N - a scroll of magic mapping
 U - a scroll of summoning
Potions
 d - a potion of might
 l - 2 potions of cancellation
 u - 10 potions of curing
 x - 2 potions of berserk rage
 C - 5 potions of haste
 J - 2 potions of cure mutation
 P - 2 potions of heal wounds
Miscellaneous
 b - a lamp of fire
 B - a legendary deck of destruction
Comestibles
 o - 7 chunks of flesh
 s - 7 slices of pizza


   Skills:
 + Level 17.6 Fighting
 + Level 18.1 Axes
 + Level 12.4 Throwing
 + Level 17.5 Armour
 + Level 15.6 Dodging
 + Level 17.6 Shields
 - Level 8.0 Invocations
 + Level 11.4 Evocations


You had 19 spell levels left.
You didn't know any spells.

Dungeon Overview and Level Annotations

Branches:
Dungeon (15/15)            Temple (1/1) D:5            Lair (8/8) D:11
 Shoals (4/4) Lair:6        Snake (4/4) Lair:4        Slime (0/6) Lair:8
    Orc (4/4) D:10            Elf (3/3) Orc:4        Vaults (2/5) D:13
 Depths (0/5) D:15
  Crypt: Vaults:2-3

Altars:
Ashenzari
Cheibriados
Dithmenos
Elyvilon
Fedhas
Gozag
Kikubaaqudgha
Makhleb
Nemelex Xobeh
Okawaru
Qazlal
Ru
Sif Muna
Trog
Vehumet
Xom
Yredelemnul
Zin
The Shining One
Beogh

Shops:
D:9 :([   D:10 ([   D:11 :   D:12 %   Orc:1 *   Orc:3 %   Orc:4 !=*!   Elf:1 %
Shoals:1 *   Snake:2 =


Innate Abilities, Weirdness & Mutations

You reflexively headbutt those who attack you in melee.
You have a pair of horns on your head.
Your body sometimes deteriorates upon taking damage.


Message History

The deep elf annihilator gestures wildly while chanting.
The deep elf annihilator blinks!
The tormentor calls on the powers of darkness!
Your body is wracked with pain!
* * * LOW HITPOINT WARNING * * *
The deep elf annihilator points at you and mumbles some strange words.
The poison arrow misses you.
The tormentor calls on the powers of darkness!
Your body is wracked with pain!
* * * LOW HITPOINT WARNING * * *
Things that are here:
a long sword; a leather armour The deep elf annihilator drinks a potion.
The deep elf annihilator seems to grow stronger.
You cut the deep elf annihilator into ribbons!!!
You drain the deep elf annihilator!
The deep elf annihilator is almost dead.
The deep elf annihilator casts a spell at you.
The crystal spear hits you!
You die...

#......).#
########(#
####)####
##...))..##
###.........###
#.............#
##.............##
##...............##
#.......###e@)....#
#......## ##......#
#.....## ##.....#
#.....# #.....#
#.....## ##2....#
#......## ##.2....#
#.......###.......#
##...........e...##
##......e.^....##


You could see a deep elf annihilator, a deep elf demonologist, a hellion and a
tormentor.

Vanquished Creatures
  Saint Roka (Orc:4)
  Rupert (Lair:5)
  4 deep elf blademasters
  A deep elf master archer (Elf:3)
  Kirke (Lair:5)
  Ilsuiw (Shoals:4)
  3 vault wardens (Vaults:1)
  10 greater nagas
  Maud (D:13)
  7 deep elf sorcerers
  Louise (D:14)
  5 ironheart preservers (Vaults:1)
  A stone giant (Vaults:1)
  5 deep elf demonologists
  11 deep elf annihilators
  A deep elf death mage (Vaults:1)
  Snorg (Lair:4)
  4 merfolk javelineers
  2 deep elf high priests (Elf:3)
  2 vault guards (Vaults:1)
  A great orb of eyes (Vaults:2)
  2 fire dragons
  6 merfolk impalers
  Josephine (Lair:5)
  9 hydras
  Harold (Lair:1)
  19 naga warriors
  Erolcha (D:13)
  A minotaur (Lab)
  3 merfolk avatars
  A catoblepas (D:14)
  An alligator snapping turtle (Shoals:4)
  4 merfolk aquamancers (Shoals:4)
  20 anacondas
  16 dancing weapons
  A queen ant (Lair:5)
  5 satyrs
  5 centaur warriors
  2 tengu warriors (D:13)
  21 death yaks
  8 orc high priests (Orc:4)
  Urug (D:11)
  13 naga sharpshooters
  8 shock serpents
  The ghost of Kidiri the Thaumaturge, a powerful DECj of Vehumet (D:11)
  2 ogre magi
  Sonja (Lair:1)
  A fire crab (Lair:7)
  2 unseen horrors
  16 deep elf knights
  A salamander mystic (Snake:4)
  4 skeletal warriors (Vaults:1)
  A giant orange brain (Vaults:2)
  13 sea snakes
  7 deep elf summoners
  2 wizards (D:14)
  5 naga ritualists
  A tengu zombie (Vaults:1)
  4 ironbrand convokers
  5 hill giants
  A necromancer (Vaults:1)
  6 orc knights
  A lindwurm (Lair:8)
  12 deep elf conjurers
  7 cyclopes
  8 orc sorcerers
  4 mana vipers
  13 griffons
  40 harpies
  11 fauns
  18 ugly things
  2 hornets
  15 manticores
  5 water nymphs
  49 black mambas
  10 salamanders
  16 elephants
  14 guardian serpents
  Maurice (D:11)
  A centaur zombie (D:14)
  5 vault sentinels (Vaults:1)
  9 sirens
  A torpor snail (shapeshifter) (Elf:2)
  15 spiny frogs
  2 gargoyles (D:13)
  3 torpor snails
  An efreet (D:15)
  An orc skeleton (Vaults:1)
  17 naga magi
  A spiny frog (shapeshifter) (Vaults:1)
  2 yaktaurs (Vaults:1)
  8 komodo dragons
  8 deep elf priests
  2 freezing wraiths
  2 fire drakes (Lair:7)
  A giant leech (Lair:8)
  2 harpy zombies (Shoals:1)
  A troll (shapeshifter) (Elf:2)
  9 trolls
  35 merfolk
  A snapping turtle (shapeshifter) (Vaults:1)
  3 boulder beetles
  4 wind drakes
  Grinder (D:4)
  Prince Ribbit (D:5)
  10 blink frogs
  A blink frog (shapeshifter) (D:13)
  6 two-headed ogres
  A griffon zombie (Shoals:1)
  13 slime creatures
  16 snapping turtles
  A shadow (D:12)
  21 deep elf magi
  A centaur simulacrum (D:14)
  11 water elementals
  A yak (shapeshifter) (Elf:1)
  2 wyverns
  4 wraiths
  39 yaks
  3 hogs (Lair:5)
  A steam dragon (Lair:6)
  10 hippogriffs
  6 vampire mosquitoes
  37 deep elf fighters
  5 basilisks
  4 hungry ghosts
  Grum (Lair:1)
  3 mottled dragons
  A hog (shapeshifter) (Elf:3)
  14 porcupines
  4 wargs
  21 wolves
  4 sky beasts
  54 nagas
  59 orc warriors
  18 soldier ants
  21 water moccasins
  4 phantoms
  A sky beast (shapeshifter) (Vaults:1)
  3 ice beasts
  3 wasps
  29 ogres
  A black bear (D:9)
  A spider (shapeshifter) (Elf:1)
  21 centaurs
  14 crocodiles
  An elf zombie (D:12)
  26 giant frogs
  4 big kobolds
  A water moccasin zombie (D:10)
  A wyvern zombie (D:12)
  3 orc simulacra
  2 hippogriff zombies (Shoals:1)
  2 wyvern skeletons (D:14)
  3 jellies
  4 wights
  4 scorpions
  10 killer bees
  3 crimson imps
  9 electric eels (Lair:2)
  5 human zombies (D:12)
  5 giant frog zombies
  8 hounds
  3 giant frog skeletons
  38 orc priests
  3 centaur skeletons
  4 human skeletons
  38 orc wizards
  11 iguanas
  37 worker ants
  27 sheep
  A hound zombie (D:10)
  A hound skeleton (D:8)
  A mummy (D:12)
  7 gnolls
  A worker ant zombie (D:5)
  Robin (D:4)
  35 river rats
  11 adders
  4 shadow imps
  A white imp (Vaults:2)
  An ooze (D:4)
  An adder zombie (D:6)
  3 worms
  9 giant geckos
  335 orcs
  3 ball pythons
  7 bats
  A bat zombie (Shoals:1)
  6 giant cockroaches
  7 hobgoblins
  5 quokkas
  4 giant newts
  11 goblins
  8 jackals
  A jackal skeleton (D:6)
  16 kobolds
  2 orc zombies
  25 rats
  A bush (Lair:5)
  9 fungi
  26 plants
1914 creatures vanquished.

Vanquished Creatures (others)
  3 humans (Lair:5)
  A water elemental (Shoals:4)
  An ogre (Vaults:1)
  2 worker ants (Lair:5)
  An orc wizard (Orc:4)
  3 bushes (Lair:5)
  18 fungi
  39 plants
  8 tentacles (Shoals:3)
  292 tentacle segments (Shoals:3)
368 creatures vanquished.

Grand Total: 2282 creatures vanquished

Notes
Turn   | Place    | Note
--------------------------------------------------------------
     0 | D:1      | mrath the Minotaur Fighter began the quest for the Orb.
     0 | D:1      | Reached XP level 1. HP: 19/19 MP: 0/0
   338 | D:1      | Reached XP level 2. HP: 26/26 MP: 1/1
   392 | D:1      | You fall through a shaft!
   658 | D:1      | Reached skill level 4 in Axes
   806 | D:2      | Reached XP level 3. HP: 25/31 MP: 2/2
  1424 | D:2      | Found a bloodstained altar of Trog.
  2031 | D:3      | Reached skill level 5 in Axes
  2458 | D:3      | Reached XP level 4. HP: 35/39 MP: 3/3
  2676 | D:4      | Reached skill level 6 in Axes
  2688 | D:4      | Noticed Grinder
  2701 | D:4      | Killed Grinder
  2701 | D:4      | Reached skill level 1 in Dodging
  2701 | D:4      | Reached XP level 5. HP: 21/46 MP: 4/4
  2701 | D:4      | Reached XP level 6. HP: 23/52 MP: 5/5
  3139 | D:4      | Noticed Robin
  3175 | D:4      | Killed Robin
  3533 | D:5      | Entered Level 5 of the Dungeon
  3538 | D:5      | Reached XP level 7. HP: 27/60 MP: 6/6
  3725 | D:5      | Reached skill level 5 in Fighting
  3725 | D:5      | Reached skill level 7 in Axes
  3725 | D:5      | Reached skill level 5 in Armour
  3732 | D:5      | Reached skill level 5 in Shields
  4084 | D:5      | You fall through a shaft for 2 floors!
  4463 | D:5      | Reached XP level 8. HP: 67/69 MP: 7/7
  5228 | D:5      | Found a staircase to the Ecumenical Temple.
  5239 | Temple   | Entered the Ecumenical Temple
  5301 | Temple   | Became a worshipper of Warmaster Okawaru
  5348 | D:5      | Reached skill level 8 in Axes
  5532 | D:5      | Noticed Prince Ribbit
  5561 | D:5      | Killed Prince Ribbit
  6499 | D:6      | Acquired Okawaru's first power
  7603 | D:7      | Reached XP level 9. HP: 65/78 MP: 8/8
  7876 | D:7      | Reached skill level 5 in Dodging
  8285 | D:8      | Reached skill level 9 in Axes
  8597 | D:8      | Paralysed by an orc priest for 5 turns
  8605 | D:8      | Paralysed by an orc priest for 3 turns
  9202 | D:8      | Noticed a three-headed hydra
  9222 | D:8      | Killed a three-headed hydra
  9222 | D:8      | Reached XP level 10. HP: 65/89 MP: 7/9
  9620 | D:9      | Reached skill level 10 in Axes
  9730 | D:9      | Found Taxies's Antique Armour Shop.
 10405 | D:9      | Found Cuad's Antique Weapon Emporium.
 10717 | D:9      | Found Udeirut's Book Shop.
 10886 | D:10     | Entered Level 10 of the Dungeon
 11170 | D:10     | Noticed an orc knight
 11171 | D:10     | Found Edotywk's Weapon Boutique.
 11171 | D:10     | Found a staircase to the Orcish Mines.
 11637 | D:10     | Found Denuaggos's Armour Emporium.
 11640 | D:10     | Bought the +1 pair of gloves of Mublaumi {rPois} for 269 gold pieces
 11734 | D:9      | Killed an orc knight
 11742 | D:9      | Killed an unseen horror
 11742 | D:9      | Acquired Okawaru's second power
 12206 | D:10     | Noticed a hill giant
 12226 | D:10     | Killed a hill giant
 12226 | D:10     | Reached XP level 11. HP: 97/97 MP: 10/10
 12412 | D:10     | You fall through a shaft!
 12412 | D:11     | Found a staircase to the Lair.
 12452 | D:11     | Received a gift from Okawaru
 12453 | D:11     | Got a smoking broad axe {god gift}
 12454 | D:11     | Identified the +7 broad axe "Usanikh" {flame, -Tele +Rage rElec rN+} (Okawaru gifted it to you on level 11 of the Dungeon)
 12460 | D:11     | Found Louraa's Book Shoppe.
 12464 | D:11     | Noticed Kidiri's ghost (powerful DECj)
 12483 | D:11     | Killed Kidiri's ghost
 12483 | D:11     | Reached skill level 11 in Axes
 12753 | D:11     | Noticed Urug
 12775 | D:11     | Killed Urug
 12775 | D:11     | Reached skill level 10 in Fighting
 12775 | D:11     | Reached skill level 10 in Shields
 13807 | D:11     | Reached skill level 10 in Armour
 14157 | D:11     | Killed an unseen horror
 14746 | D:11     | Noticed a hill giant
 14752 | D:11     | Killed a hill giant
 14987 | D:11     | Noticed Maurice
 14996 | D:11     | Killed Maurice
 14996 | D:11     | Received a gift from Okawaru
 15173 | Lair:1   | Entered Level 1 of the Lair of Beasts
 15258 | Lair:1   | Noticed Harold
 15261 | Lair:1   | Noticed Sonja
 15270 | Lair:1   | Killed Harold
 15278 | Lair:1   | Killed Sonja
 15487 | Lair:1   | Reached XP level 12. HP: 106/108 MP: 11/11
 15555 | Lair:1   | Got a brightly glowing ring mail
 15566 | Lair:1   | Identified the +4 ring mail "Venodd" {Str+4} (You found it on level 1 of the Lair of Beasts)
 15599 | Lair:1   | Noticed Grum
 15620 | Lair:1   | Killed Grum
 15981 | Lair:1   | Reached skill level 12 in Axes
 16125 | Lair:1   | Noticed a six-headed hydra
 16141 | Lair:1   | Killed a six-headed hydra
 16141 | Lair:1   | Reached skill level 1 in Invocations
 16141 | Lair:1   | Reached skill level 1 in Evocations
 17600 | Lair:2   | Noticed a six-headed hydra
 17623 | Lair:2   | Killed a six-headed hydra
 18878 | Lair:3   | Found a labyrinth entrance.
 18894 | Lab      | Entered a labyrinth
 19333 | Lab      | Noticed a minotaur
 19343 | Lab      | Killed a minotaur
 19343 | Lab      | Received a gift from Okawaru
 19344 | Lab      | Got an ichor-stained battleaxe {god gift}
 19370 | Lab      | Identified the Handbook of the Volcanoes
 19377 | Lab      | Got a jewelled leather armour
 19452 | Lair:2   | Identified the +1 leather armour of Nacuc {-Tele rElec Str+4 Dex+4} (You took it off a minotaur in a labyrinth)
 19469 | Lair:2   | Identified the +1 battleaxe "Mappyido" {chop, Dex+3} (Okawaru gifted it to you in a labyrinth)
 19765 | Lair:3   | Got a heavily runed ring mail
 19776 | Lair:3   | Identified the +5 ring mail of Bebuin {rC+ Str+3} (You found it on level 3 of the Lair of Beasts)
 20186 | Lair:4   | Noticed Snorg
 20200 | Lair:4   | Killed Snorg
 20200 | Lair:4   | Reached skill level 10 in Dodging
 20257 | Lair:4   | Noticed a seven-headed hydra
 20276 | Lair:4   | Killed a seven-headed hydra
 20276 | Lair:4   | Reached XP level 13. HP: 101/117 MP: 12/14
 20422 | Lair:4   | Reached skill level 1 in Throwing
 20588 | Lair:4   | Found a staircase to the Snake Pit.
 21159 | Lair:4   | Got a bound steel ring
 21407 | Lair:2   | Identified the ring of Cheibriados's Esteem {rElec rC- Int+2 Slay+3 SInv} (You found it on level 4 of the Lair of Beasts)
 21520 | Lair:4   | Received a gift from Okawaru
 21521 | Lair:4   | Got a faintly humming chain mail {god gift}
 21545 | Lair:4   | Identified the +2 chain mail of the Eternal Fruit {rC+ rN+ Dex-2} (Okawaru gifted it to you on level 4 of the Lair of Beasts)
 21728 | Lair:5   | Noticed Josephine
 21740 | Lair:5   | Killed Josephine
 21740 | Lair:5   | Reached skill level 13 in Axes
 22058 | Lair:5   | Reached skill level 5 in Invocations
 22061 | Lair:5   | Noticed Kirke
 22071 | Lair:5   | Killed Kirke
 22118 | Lair:5   | Noticed Rupert
 22126 | Lair:5   | Paralysed by Rupert for 3 turns
 22573 | Lair:5   | Killed Rupert
 22573 | Lair:5   | Reached XP level 14. HP: 17/127 MP: 15/17
 23748 | Lair:6   | Reached skill level 5 in Evocations
 23921 | Lair:6   | Received a gift from Okawaru
 23922 | Lair:6   | Got a polished great mace {god gift}
 24588 | Lair:6   | Found a blossoming altar of Fedhas.
 25706 | Lair:7   | Received a gift from Okawaru
 25728 | Lair:7   | Reached skill level 5 in Throwing
 27139 | Lair:8   | Entered Level 8 of the Lair of Beasts
 27836 | Lair:8   | Reached XP level 15. HP: 133/136 MP: 19/19
 27843 | Lair:8   | Received a gift from Okawaru
 28040 | Lair:8   | Found a staircase to the Slime Pits.
 28415 | Lair:8   | Reached skill level 14 in Axes
 28510 | Lair:8   | Got a fine dagger
 28885 | Orc:1    | Entered Level 1 of the Orcish Mines
 28908 | Orc:1    | Found Hintiak's Assorted Antiques.
 29476 | Orc:1    | Found a roughly hewn altar of Beogh.
 29821 | Orc:3    | Found Detzehuw's Food Boutique.
 30325 | Orc:3    | You fall through a shaft!
 30325 | Orc:4    | Entered Level 4 of the Orcish Mines
 30417 | Orc:4    | Received a gift from Okawaru
 31606 | Orc:3    | Found a radiant altar of Vehumet.
 32466 | Orc:4    | Found Xaocagh's Distillery.
 32497 | Orc:4    | Found a roughly hewn altar of Beogh.
 32661 | Orc:4    | Found Keimuiwa's General Store.
 33097 | Orc:4    | Found a staircase to the Elven Halls.
 33452 | Orc:4    | Noticed Saint Roka
 33488 | Orc:4    | Killed Saint Roka
 33488 | Orc:4    | Received a gift from Okawaru
 33850 | Orc:4    | Found a roughly hewn altar of Beogh.
 33935 | Orc:4    | Received a gift from Okawaru
 34203 | Orc:4    | Found Jaxionn's Jewellery Shoppe.
 34243 | Orc:4    | Found Wizxerah's Distillery.
 34567 | Orc:4    | Bought the ring "Tepas" {rF- MR+ Int+4 Slay+6 Stlth+} for 921 gold pieces
 34693 | Orc:1    | Bought a potion of heal wounds for 115 gold pieces
 34813 | Orc:4    | Bought an uncursed amulet of stasis for 262 gold pieces
 35972 | D:12     | Received a gift from Okawaru
 36115 | D:12     | Found a basalt altar of Yredelemnul.
 36310 | D:12     | Found Renixkee's Food Shop.
 36864 | D:13     | Noticed Maud
 37000 | D:13     | Killed Maud
 37000 | D:13     | Reached XP level 16. HP: 144/146 MP: 12/20
 37293 | D:13     | Found a gate to the Vaults.
 37587 | D:13     | Noticed Erolcha
 37593 | D:13     | Killed Erolcha
 37614 | D:13     | Received a gift from Okawaru
 39617 | D:14     | Noticed Louise
 39625 | D:14     | Killed Louise
 39853 | D:15     | Entered Level 15 of the Dungeon
 40972 | D:15     | Received a gift from Okawaru
 41015 | D:15     | Found a staircase to the Depths.
 41459 | Lair:6   | Found a staircase to the Shoals.
 41467 | Lair:6   | Reached skill level 15 in Axes
 41507 | Shoals:1 | Entered Level 1 of the Shoals
 41651 | Shoals:1 | Found Ruorhugo's General Store.
 41917 | Shoals:1 | Received a gift from Okawaru
 43191 | Snake:1  | Entered Level 1 of the Snake Pit
 43320 | Snake:1  | Received a gift from Okawaru
 43321 | Snake:1  | Got an encrusted broad axe {god gift}
 43385 | Lair:4   | Identified the +8 broad axe "Stringbean" {drain, rElec rN+ MR+} (Okawaru gifted it to you on level 1 of the Snake Pit)
 43849 | Snake:1  | Reached XP level 17. HP: 154/154 MP: 22/22
 44424 | Snake:1  | Reached skill level 15 in Armour
 44844 | Snake:1  | Reached skill level 15 in Fighting
 44886 | Snake:1  | Received a gift from Okawaru
 45425 | Snake:2  | Reached skill level 15 in Shields
 45545 | Snake:2  | Found Micsas's Jewellery Emporium.
 46472 | Snake:2  | Received a gift from Okawaru
 48108 | Snake:3  | Received a gift from Okawaru
 48483 | Snake:4  | Entered Level 4 of the Snake Pit
 48728 | Snake:4  | Reached skill level 16 in Axes
 49450 | Snake:4  | Reached XP level 18. HP: 163/163 MP: 23/23
 49466 | Snake:4  | Reached skill level 10 in Throwing
 50585 | Snake:4  | Received a gift from Okawaru
 50808 | Snake:4  | Received a gift from Okawaru
 50984 | Snake:4  | Got a serpentine rune of Zot
 51576 | Shoals:2 | Reached skill level 10 in Evocations
 52820 | Elf:1    | Entered Level 1 of the Elven Halls
 52847 | Elf:1    | Found a radiant altar of Vehumet.
 53694 | Elf:1    | Found an ancient bone altar of Kikubaaqudgha.
 53699 | Elf:1    | Found Puloprecw's Food Boutique.
 53753 | Elf:1    | Received a gift from Okawaru
 54125 | Elf:2    | Received a gift from Okawaru
 54673 | Elf:2    | Found a runed gate.
 54751 | Elf:2    | Found a runed gate.
 54815 | Elf:2    | Found a runed gate.
 55080 | Elf:2    | Reached XP level 19. HP: 170/172 MP: 25/25
 55339 | Elf:2    | Reached skill level 17 in Axes
 56482 | Shoals:3 | Received a gift from Okawaru
 56734 | Shoals:3 | Found a stormy altar of Qazlal.
 56827 | Shoals:4 | Entered Level 4 of the Shoals
 56858 | Shoals:4 | Received a gift from Okawaru
 56875 | Shoals:4 | Got a shimmering graven amulet
 56877 | Shoals:4 | Identified the amulet "Xemuveav" {rCorr rPois rF+ Str+3} (You found it on level 4 of the Shoals)
 57345 | Shoals:4 | Noticed Ilsuiw
 57380 | Shoals:4 | Killed Ilsuiw
 57426 | Shoals:4 | Received a gift from Okawaru
 57427 | Shoals:4 | Got a faintly humming scale mail {god gift}
 57502 | Shoals:4 | Identified the +2 scale mail of Hangman {MP+9 Int+4} (Okawaru gifted it to you on level 4 of the Shoals)
 59097 | Shoals:4 | Got a barnacled rune of Zot
 59612 | Vaults:1 | Entered Level 1 of the Vaults
 60114 | D:13     | Reached skill level 15 in Dodging
 60596 | Vaults:1 | Reached XP level 20. HP: 145/184 MP: 27/27
 61118 | Vaults:1 | Received a gift from Okawaru
 62017 | Vaults:2 | Received a gift from Okawaru
 62791 | Elf:3    | Entered Level 3 of the Elven Halls
 63289 | Elf:3    | Gained mutation: Your body sometimes deteriorates upon taking damage. [a cacodemon]
 64471 | Elf:3    | Reached skill level 18 in Axes
 64526 | Elf:3    | Got a steaming war axe
 64532 | Elf:3    | Identified the +6 war axe "Vixint" {drain, +Blink MR- Str+6 Int+4} (You took it off a deep elf annihilator on level 3 of the Elven Halls)
 64970 | Elf:3    | Killed from afar by a deep elf annihilator

Vault maps used:
D:1:      dpeg_arrival_water_temple_mockup
D:2:      lemuel_round_altar
D:3:      minmay_rat_hole
D:4:      uniq_robin, uniq_grinder
D:5:      minmay_temple_entry_overgrown, first_bread, uniq_prince_ribbit1
D:7:      enter_bailey_2
D:8:      hangedman_ranch
D:9:      serial_shops, nicolae_shop_window_shopping, shop,
          nicolae_shop_competitors_out_of_business,
          hangedman_abyss_or_decor_passed
D:10:     minmay_weird_star, orc_david_3, serial_shops, kennysheep_mini
D:11:     lair_0_dummy, serial_shops, shop, uniq_urug, uniq_maurice
D:12:     serial_shops, shop_statue, lemuel_mausoleum_altar_yredelemnul
D:13:     erik_vaults_1, uniq_maud, uniq_erolcha
D:14:     interstate_on_off, uniq_louise
D:15:     grunt_enter_depths_magical_seal, corexii_checkpoint_a, hive_lemuel
Temple:   kilobyte_greek_temple_18
Lair:1:   uniq_grum, uniq_sonja, uniq_harold
Lair:2:   serial_bayou, serial_bayou_ford_a, serial_bayou_pond_b,
          serial_bayou_lake_a, serial_bayou_shore_b
Lair:3:   lab_entry_generic
Lair:4:   minmay_snake_entry_six_corridors, lemuel_fruit_tree, uniq_snorg
Lair:5:   serial_forest, infiniplex_forest_clump_diagonal,
          infiniplex_forest_zigzag_1, infiniplex_forest_lined_room_2,
          infiniplex_forest_straight_5, infiniplex_forest_straight_2,
          infiniplex_forest_clump_tiny, infiniplex_forest_lined_2,
          infiniplex_forest_clump_tiny, infiniplex_forest_clump_tiny,
          infiniplex_forest_3_way, zaba_anthell, uniq_rupert, uniq_kirke,
          uniq_josephine
Lair:6:   elwin_shoals_entry_rooms, basic_altar
Lair:7:   st_stairs_11, serial_bayou_shore_a, serial_bayou_shore_b
Lair:8:   hangedman_lair_in_review, slime_dummy
Shoals:1: serial_shops, nicolae_shop_stone, nicolae_shoals_undead_eyrie
Shoals:2: nicolae_shoals_isolated_beach
Shoals:3: ldierk_geyser, wheals_shoals_ruined_temple
Shoals:4: shoals_end_hangedman, shoal_ilsuiw
Snake:1:  nicolae_snake_springs
Snake:2:  serial_shops, shop
Snake:3:  st_stairs_8, nicolae_snake_serpentine_hallways
Snake:4:  grunt_snake_rune_serpentine_throne
Orc:1:    basic_altar, serial_shops, nicolae_shop_crystal
Orc:3:    serial_shops, shop, basic_altar, nicolae_orc_pool_cavern
Orc:4:    pubby_orc_utopia
Elf:1:    eino_elf_arrival_altar, serial_shops, shop, basic_altar,
          hangedman_corner_corridor
Elf:2:    patterned_corridor
Elf:3:    nooodl_elf_gasket
Vaults:1: v_misc_30, nicolae_vaults_little_squares_6, vaults_room_boxed,
          ontoclasm_vaults_gateway, hangedman_vaults_slice,
          vaults_room_stairs_pillars, nicolae_vaults_shelves_hall,
          hangedman_vaults_unwind, nicolae_vaults_circle_grid_a, v_misc_16,
          grunt_vaults_focal, ontoclasm_vaults_idyll, vaults_dpeg_diagonal,
          vaults_mumra_minichess
Vaults:2: hangedman_vaults_stretched_pinwheel, hangedman_vaults_locks,
          minmay_crypt_entry_simple_corners, v_misc_15, vaults_mumra_hexcomb,
          nicolae_vaults_theta, v_alt_pattern_2,
          nicolae_vaults_disjoint_gnomons, serial_ice_m, v_alt_pattern_3,
          nicolae_vaults_little_ls, vaults_room_stairs_pillars,
          ontoclasm_vaults_eye, uniq_boris
Lab:      nicolae_lab_dead_adventurers

Action                   |  1- 3 |  4- 6 |  7- 9 | 10-12 | 13-15 | 16-18 | 19-21 || total
-------------------------+-------+-------+-------+-------+-------+-------+-------++-------
Melee: War axe           |    68 |       |       |       |       |       |       ||    68
       Hand axe          |    38 |    72 |   463 |   268 |       |       |       ||   841
       Mace              |       |       |     8 |   152 |    46 |       |       ||   206
       Broad axe         |       |       |       |   299 |  1180 |  1288 |   771 ||  3538
 Fire: Blowgun           |       |       |       |     8 |   243 |    79 |       ||   330
Throw: Javelin           |     4 |     6 |    27 |    63 |   155 |   153 |    72 ||   480
       Tomahawk          |       |       |       |     1 |    56 |     4 |     3 ||    64
Invok: Heroism           |       |       |     1 |    10 |    19 |    14 |    10 ||    54
       Finesse           |       |       |       |     5 |    14 |     6 |     7 ||    32
  Use: Scroll            |     5 |       |     5 |    24 |     4 |    22 |    10 ||    70
       Potion            |       |     1 |       |     2 |     8 |     2 |    12 ||    25
 Stab: Invisible         |       |       |       |       |     7 |       |     1 ||     8
       Distracted        |       |       |       |       |     1 |       |     1 ||     2
  Eat: Bread ration      |     1 |       |       |     4 |     1 |     3 |     2 ||    11
       Chunk             |       |     4 |    14 |    15 |    44 |    20 |    17 ||   114
       Beef jerky        |       |       |     1 |     2 |       |     1 |     3 ||     7
       Fruit             |       |       |     3 |     2 |     7 |    14 |       ||    26
       Royal jelly       |       |       |       |       |     1 |     1 |       ||     2
       Meat ration       |       |       |       |       |       |     2 |     1 ||     3
       Pizza             |       |       |       |       |       |     3 |     1 ||     4
